 Dungeon Crawl Stone Soup version 0.32-a0-131-g9dbbe29261 (webtiles) character file.

Game seed: 18218649547700713358

11790 jboons the Summoner (level 12, -5/88 HPs)
             Began as a Formicid Summoner on Feb 8, 2024.
             Was an Initiate of Gozag.
             Killed from afar by an ice statue (9 damage)
             ... with a bolt of cold
             ... in an ice cave.
             The game lasted 00:43:32 (12142 turns).

jboons the Summoner (Formicid Summoner)            Turns: 12142, Time: 00:43:33

Health: -5/88      AC: 10    Str: 12    XL:     12   Next: 12%
Magic:  12/19      EV: 15    Int: 21    God:    Gozag
Gold:   1972       SH:  0    Dex: 14    Spells: 7/21 levels left

rFire   . . .        a - +6 trident
rCold   + . .        (no shield)
rNeg    . . .        G - +2 robe {rC+}
rPois   .            (helmet unavailable)
rElec   .            B - +0 cloak
rCorr   .            c - +0 pair of gloves
SInv    +            n - +2 pair of boots
Will    ++...        u - amulet of regeneration
Stlth   ++           d - ring of wizardry
HPRegen 1.14/turn    p - ring of willpower
MPRegen 0.16/turn

%: wizardry (x1)
@: no status effects
A: permanent stasis, dig shafts and tunnels, antennae 3, four strong arms
a: Dig, Renounce Religion, Potion Petition, Call Merchant, Bribe Branch


You were in an ice cave.
You worshipped Gozag.
Gozag was most pleased with you.
You visited 1 branch of the dungeon, and saw 11 of its levels.
You also visited: Ice Cave.

You collected 2080 gold pieces.
You paid 108 gold pieces to Gozag.

Inventory:

Hand Weapons
 a - a +6 trident (weapon)
Missiles
 y - 2 throwing nets
Armour
 c - a +0 pair of gloves (worn)
 g - the +0 robe of the Lair of Beasts {-Tele Will+ Regen+ Int+9}
   (You found it on level 5 of the Dungeon)

   Int+9:     It affects your intelligence (+9).
   Will+:     It increases your willpower.
   -Tele:     It prevents most forms of teleportation.
   Regen+:    It increases your rate of health regeneration.
 n - a +2 pair of boots (worn)
 B - a +0 cloak (worn)
 G - a +2 robe of cold resistance (worn)
Jewellery
 d - a ring of wizardry (left hand)
 f - a ring of flight
 p - a ring of willpower (right hand)
 u - an amulet of regeneration (around neck)
Wands
 i - a wand of polymorph (10)
 q - a wand of paralysis (4)
 w - a wand of flame (14)
 x - a wand of roots (5)
 C - a wand of mindburst (2)
Scrolls
 e - 2 scrolls of fear
 h - a scroll of butterflies
 j - a scroll of revelation
 r - 4 scrolls of poison
 t - a scroll of immolation
 A - a scroll of fog
Potions
 b - a potion of magic
 l - 2 potions of brilliance
 m - 4 potions of curing
 o - a potion of might
 s - 2 potions of lignification
 v - 3 potions of mutation
 z - a potion of degeneration {unknown}
 D - a potion of resistance {unknown}
 E - a potion of invisibility {unknown}
 F - a potion of enlightenment


   Skills:
 + Level 6.3 Fighting
 + Level 4.8 Polearms
 - Level 8.0 Armour
 - Level 8.0 Dodging
 - Level 2.4 Stealth
 - Level 5.0 Spellcasting
 - Level 10.0 Summonings
 - Level 7.5 Fire Magic


You had 7 spell levels left.
You knew the following spells:

 Your Spells              Type           Power      Damage    Failure   Level
a - Summon Small Mammal   Summ           100%       N/A       1%          1
b - Call Imp              Summ           94%        N/A       1%          2
c - Call Canine Familiar  Summ           47%        N/A       1%          3
d - Summon Blazeheart Go  Fire/Summ      42%        N/A       1%          4
e - Summon Lightning Spi  Summ/Air       26%        N/A       6%          4

Your spell library contained the following spells:

 Spells                   Type           Power      Damage    Failure   Level
 Shock                    Conj/Air       20%        1d4       4%          1
 Jinxbite                 Hex            10%        N/A       6%          2
 Lesser Beckoning         Tloc           10%        N/A       6%          2
 Static Discharge         Conj/Air       10%        3-4/arc   6%          2
 Gell's Gravitas          Tloc           5%         N/A       13%         3
 Teleport Other           Tloc           5%         N/A       13%         3
 Tukima's Dance           Hex            5%         N/A       13%         3
 Fireball                 Conj/Fire      10%        3d6       26%         5
 Airstrike                Air            2%         2d(1-17)  38%         4
 Cause Fear               Hex            2%         N/A       38%         4
 Leda's Liquefaction      Alch/Erth      2%         N/A       38%         4
 Olgreb's Toxic Radiance  Alch           5%         N/A       38%         4
 Passage of Golubria      Tloc           5%         N/A       38%         4
 Arcjolt                  Conj/Air       2%         1d12      71%         5
 Lee's Rapid Deconstruct  Erth           2%         3d5*      71%         5
 Yara's Violent Unravell  Hex/Alch       2%         3d3       71%         5
 Bombard                  Conj/Erth      2%         9d1       99%         6
 Enfeeble                 Hex            2%         N/A       100%        7
 Ozocubu's Refrigeration  Ice            2%         4d8       100%        7
 Discord                  Hex            2%         N/A       100%        8
 Maxwell's Capacitive Co  Air            2%         ∞         100%        8
 Chain Lightning          Conj/Air       2%         3d3       100%        9
 Dragon's Call            Summ           23%        N/A       100%        9
 Vhi's Electric Charge    Tloc/Air       Unusable   N/A       N/A         4

Dungeon Overview and Level Annotations

Branches:
Dungeon (11/15)            Temple (0/1) D:7            Lair (0/5) D:11
    Orc (0/2) D:10          IceCv (1/1)

Altars:
Cheibriados
Dithmenos
Gozag
Kikubaaqudgha
Makhleb
Okawaru
Ru
Uskayaw
The Shining One

Portals:
Gauntlet: D:11

Annotations:
IceCv 1 transporter, exclusion: 2 ice statues


Innate Abilities, Weirdness & Mutations

You cannot be hasted, slowed, berserked, paralysed or teleported.
You can dig through walls and to a lower floor.
You have a pair of large antennae on your head. (SInv)
Your four strong arms can wield two-handed weapons with a shield.


Message History

Okay, then.
You are engulfed in freezing vapours.
You resist.
* * * LOW HITPOINT WARNING * * *
The white ugly thing is engulfed in freezing vapours.
The ice statue gestures at you. The bolt of cold hits you! You resist.
* * * LOW HITPOINT WARNING * * *
Unknown command.
Unknown command.
You feel much better.
You are engulfed in freezing vapours.
You resist.
* * * LOW HITPOINT WARNING * * *
The ice statue gestures at you. The bolt of cold misses you.
The ice beast closely misses you.
Your blazeheart golem is engulfed in freezing vapours.
Unknown command.
Your blazeheart golem's core grows cold and it stops moving.
The white ugly thing bites your lightning spire.
The white ugly thing freezes your lightning spire.
Your lightning spire resists.
Your lightning spire shoots out a bolt of lightning at the white ugly thing!
The bolt of electricity hits the white ugly thing!
The ice statue gestures at you. The shard of ice hits you!!
You partially resist.
* * * LOW HITPOINT WARNING * * *
The ice statue gestures at you. The bolt of cold hits you! You resist.
* * * LOW HITPOINT WARNING * * *
Your blazeheart golem is engulfed in freezing vapours.
Unknown command.
Okay, then.
Okay, then.
The white ugly thing bites your lightning spire.
The white ugly thing freezes your lightning spire.
Your lightning spire resists.
Your lightning spire shoots out a bolt of lightning at the white ugly thing!
The bolt of electricity hits the white ugly thing.
The ice statue gestures at you. The bolt of cold hits you! You resist.
You die...
Your body crumbles into a pile of gold.

##### ###
####...### ##.∩#
##........####ß..#
##..........##ß...#
#...........#ß...I#
.......ß..).#I....#
...........ß#u..:$#
∩∩......[[©©#©○.:)#
.........[.ß#○9☼@!#
.......ß....#○☼°..#
#...........#ß○☼YI#
##..........##ß...#
##........####ß..#
####...### ##.©#
##### ####


You could see 2 ice statues, a white ugly thing (distracted, ally target), an
ice beast (summoned), a friendly lightning spire (summoned) and a friendly
blazeheart golem (summoned, paralysed).

Vanquished Creatures
  A boulder beetle (D:11)
  An ugly thing (IceCv)
  An unseen horror (D:11)
  A kobold demonologist (D:11)
  A hornet (D:7)
  A wyvern (D:8)
  Sigmund (D:4)
  2 wraiths
  12 yaks
  A death yak simulacrum (IceCv)
  3 water moccasins
  A sky beast (D:7)
  A black bear (D:5)
  An ice beast (D:7)
  7 orc warriors
  A centaur (D:7)
  A bullfrog (D:7)
  A gnoll sergeant (D:10)
  A two-headed ogre simulacrum (D:11)
  4 wights
  6 killer bees
  An elephant simulacrum (IceCv)
  3 electric eels (D:4)
  2 howler monkeys
  2 bombardier beetles
  A centaur zombie (D:8)
  A hound (D:5)
  6 orc priests
  2 iguanas (D:5)
  A sleepcap (D:5)
  8 orc wizards
  A killer bee zombie (D:8)
  A wolf simulacrum (IceCv)
  4 gnolls
  A naga simulacrum (D:11)
  3 adders
  A white imp (D:7)
  A dart slug (D:2)
  3 ribbon worms
  12 orcs
  3 ball pythons
  6 bats
  An endoplasm (D:1)
  2 giant cockroaches
  2 quokkas
  A frilled lizard (D:1)
  2 goblins
  5 kobolds
  A rat (D:1)
126 creatures vanquished.

Vanquished Creatures (collateral kills)
  A cyclops (D:11)
  An unseen horror (D:11)
  A kobold demonologist (D:8)
  6 yaks
  A wyvern (D:10)
  A basilisk (D:9)
  3 steam dragons
  An acid dragon (D:9)
  An orc warrior (D:10)
  An ice beast (D:7)
  2 wolves (D:11)
  2 kobold brigands
  A bullfrog (D:3)
  12 wights
  5 killer bees
  2 howler monkeys (D:11)
  A bombardier beetle (D:6)
  A jelly (D:4)
  A hound (D:4)
  2 orc priests (D:10)
  A gnoll bouda (D:6)
  3 orc wizards
  A sleepcap (D:3)
  Natasha (thrice) (D:4)
  A troll simulacrum (D:11)
  A killer bee zombie (D:8)
  An ogre zombie (D:8)
  A mummy (D:8)
  5 adders
  2 naga simulacra (D:11)
  9 gnolls
  A white imp (D:5)
  A dart slug (D:3)
  2 ribbon worms
  32 orcs
  A bat (D:1)
  3 endoplasms
  A giant cockroach (D:3)
  4 hobgoblins
  2 quokkas
  2 ball pythons
  2 frilled lizards
  3 goblins
  4 kobolds
  6 rats
138 creatures vanquished.

Vanquished Creatures (others)
  34 blazeheart cores
34 creatures vanquished.

Grand Total: 298 creatures vanquished

Notes
Turn   | Place    | Note
-------+----------+-------------------------------------------
     0 | D:1      | jboons the Formicid Summoner began the quest for the Orb.
     0 | D:1      | Reached XP level 1. HP: 13/13 MP: 3/3
     0 | D:1      | Upgraded the game from 0.32-a0-128-g77eb882913 to
                  | 0.32-a0-131-g9dbbe29261
   238 | D:1      | Reached XP level 2. HP: 18/19 MP: 3/5
   271 | D:1      | Learned a level 2 spell: Call Imp
  1280 | D:2      | Reached XP level 3. HP: 15/24 MP: 1/7
  2067 | D:2      | Reached XP level 4. HP: 14/30 MP: 4/8
  2285 | D:3      | Found a faded altar of an unknown god.
  2405 | D:3      | Reached skill level 5 in Summonings
  2409 | D:3      | Learned a level 3 spell: Call Canine Familiar
  2726 | D:3      | Noticed a bullfrog
  2739 | D:3      | Killed a bullfrog
  2740 | D:3      | Reached XP level 5. HP: 38/38 MP: 2/9
  3197 | D:3      | Reached XP level 6. HP: 46/46 MP: 10/10
  3383 | D:4      | Noticed Sigmund
  3402 | D:4      | Killed Sigmund
  3403 | D:4      | Reached skill level 5 in Armour
  3403 | D:4      | Reached XP level 7. HP: 49/52 MP: 2/11
  3805 | D:4      | Found a transporter.
  4194 | D:4      | Reached XP level 8. HP: 58/58 MP: 2/12
  4529 | D:4      | Noticed Natasha
  4536 | D:4      | Killed Natasha
  4649 | D:4      | Noticed Natasha
  4657 | D:4      | Killed Natasha
  4705 | D:4      | Found a transporter.
  4722 | D:4      | Found an opulent altar of Gozag.
  4726 | D:4      | Found a snail-covered altar of Cheibriados.
  4760 | D:4      | Found a burning altar of Makhleb.
  4804 | D:4      | Noticed Natasha
  4810 | D:4      | Killed Natasha
  5020 | D:4      | Reached skill level 1 in Fire Magic
  5092 | D:4      | Became a worshipper of Gozag Ym Sagoz the Greedy
  5121 | D:5      | Entered Level 5 of the Dungeon
  5571 | D:5      | Reached skill level 6 in Summonings
  5571 | D:5      | Reached XP level 9. HP: 54/63 MP: 2/13
  5659 | D:5      | Learned a level 4 spell: Summon Blazeheart Golem
  5801 | D:5      | Identified the +0 robe of the Lair of Beasts {-Tele Will+
                  | Regen+ Int+9}
  6326 | D:6      | Found a glowing golden altar of the Shining One.
  6990 | D:6      | Reached skill level 7 in Summonings
  7374 | D:7      | Noticed a hornet
  7379 | D:7      | Killed a hornet
  7380 | D:7      | Reached skill level 5 in Dodging
  7380 | D:7      | Reached skill level 5 in Fire Magic
  7441 | D:7      | Found an iron altar of Okawaru.
  7551 | D:7      | Identified the +0 robe "Hytank" {Int+3 Slay+5}
  7568 | D:7      | Reached XP level 10. HP: 70/70 MP: 7/14
  7761 | D:7      | Found a staircase to the Ecumenical Temple.
  8129 | D:7      | Reached skill level 8 in Summonings
  8233 | D:7      | Found an iron altar of Okawaru.
  8467 | D:7      | Found a staircase to the Ecumenical Temple.
  8991 | D:8      | Noticed a kobold demonologist
  8996 | D:8      | Noticed a smoke demon
  9143 | D:8      | Noticed a rust devil
  9144 | D:8      | Noticed an ice devil
  9144 | D:8      | Killed a kobold demonologist
  9145 | D:8      | Reached XP level 11. HP: 69/75 MP: 6/16
  9544 | D:9      | Learned a level 4 spell: Summon Lightning Spire
 10579 | D:10     | Entered Level 10 of the Dungeon
 10581 | D:10     | Found a hide-covered altar of Uskayaw.
 10805 | D:10     | Reached skill level 5 in Spellcasting
 10805 | D:10     | Reached skill level 9 in Summonings
 10865 | D:10     | Found a staircase to the Orcish Mines.
 10976 | D:10     | Found a shadowy altar of Dithmenos.
 10977 | D:10     | Found an ancient bone altar of Kikubaaqudgha.
 11095 | D:10     | Got Sif Muna's Incunabulum of the Final Princes
 11132 | D:10     | Reached skill level 10 in Summonings
 11607 | D:10     | Found a sacrificial altar of Ru.
 11711 | D:11     | Noticed a cyclops
 11718 | D:11     | Killed a cyclops
 11719 | D:11     | Reached skill level 1 in Polearms
 11803 | D:11     | Noticed a boulder beetle
 11817 | D:11     | Reached skill level 5 in Fighting
 11857 | D:11     | Killed a boulder beetle
 11858 | D:11     | Reached XP level 12. HP: 31/86 MP: 3/19
 11862 | D:11     | Found a staircase to the Lair.
 11912 | D:11     | Found a gate leading to a gauntlet.
 11985 | D:11     | Found a frozen archway.
 12024 | IceCv    | Entered an ice cave
 12118 | IceCv    | Found a transporter.
 12125 | IceCv    | Found a transporter.
 12141 | IceCv    | HP: 3/88 [ice statue/bolt of cold (9)]
 12142 | IceCv    | Killed from afar by an ice statue

Illustrated notes

Levels and vault maps discovered:
D:1:      nagdon_arrival_double_spiral, layout_basic, minmay_misc_feat_x,
          minmay_tetromino_o4
D:2:      layout_basic
D:3:      layout_basic, shapermc_ecumenical_altar_ellora
D:4:      gammafunk_steamed_eel, layout_rooms, grunt_temple_overflow_open,
          mainiacjoe_overflow_small_starburst, solitary_fountain, uniq_sigmund,
          uniq_natasha
D:5:      layout_basic
D:6:      layout_loops_ring, mainiacjoe_overflow_tiny_flanked
D:7:      layout_basic, lemuel_doored_altar, minmay_temple_entry_sparse_star
D:8:      layout_cave_pools, minmay_mini_ossuary
D:9:      layout_loops_corners, minmay_misc_feat_doors, minivault_10
D:10:     layout_loops_cross, mainiacjoe_overflow_divided_tiny, david_orc_5,
          hangedman_feature_mirror
D:11:     layout_stronghold, erik_lair_orcish_takeover,
          portal_ice_cave_entry_ice_simulacra, gauntlet_entry_generic
IceCv:    ice_cave_statue_garden_transporter

Skill      XL: |  1  2  3  4  5  6  7  8  9 10 11 12 |
---------------+-------------------------------------+-----
Spellcasting   | 3 5 |  5.0
Summonings     | 5 6 7 8 10 | 10.0
Fighting       | 2 3 5 6 |  6.3
Armour         | 2 5 7 8 |  8.0
Dodging        | 3 5 7 8 |  8.0
Fire Magic     | 3 5 7 |  7.5
Polearms       | 4 |  4.8
Stealth        | |  2.4

Action                     |  1- 3 |  4- 6 |  7- 9 | 10-12 || total
---------------------------+-------+-------+-------+-------++-------
  Melee: Dagger            |    75 |    10 |       |       ||    85
         Punch             |     3 |     6 |     4 |    13 ||    26
         Flail             |       |    28 |     6 |       ||    34
         Whip              |       |       |    27 |       ||    27
         Halberd           |       |       |    47 |       ||    47
         Trident           |       |       |    61 |   177 ||   238
   Cast: Summon Small Mamm |    21 |     8 |    49 |       ||    78
         Call Imp          |    16 |     7 |    30 |     1 ||    54
         Call Canine Famil |       |    10 |    33 |     4 ||    47
         Summon Blazeheart |       |       |     8 |    47 ||    55
         Summon Lightning  |       |       |       |    14 ||    14
  Evoke: Wand              |       |       |     3 |    11 ||    14
    Use: Scroll            |     2 |     6 |     5 |    10 ||    23
         Potion            |       |       |     1 |     1 ||     2
   Stab: Sleeping          |     4 |     4 |     2 |     1 ||    11
         Distracted        |     1 |     2 |     2 |     3 ||     8
 Armour: Robe              |    49 |    24 |    76 |   120 ||   269
  Dodge: Dodged            |    61 |    25 |    70 |   134 ||   290

Table legend: (Time is in decaauts)
 A = Elapsed time spent in this place.
 B = Non-inter-level travel time spent in this place.
 C = Inter-level travel time spent in this place.
 D = Time resting spent in this place.
 E = Time spent auto-exploring this place.
 F = Levels seen in this place.
 G = Mean time per level.
                   A        B        C        D        E       F      G
               +--------+--------+--------+--------+--------+-----+--------+
         Total |  12345 |  11723 |    622 |    901 |   7833 |  12 | 1028.8 |
       Dungeon |  12227 |  11605 |    622 |    901 |   7752 |  11 | 1111.5 |
      Ice Cave |    117 |    117 |      0 |      0 |     81 |   1 |  117.0 |
               +--------+--------+--------+--------+--------+-----+--------+

Top non-repeatable levels by time:
     D:4: 1603 daAuts
     D:7: 1495 daAuts
     D:3: 1296 daAuts
     D:1: 1243 daAuts
     D:5: 1217 daAuts
     D:9: 1126 daAuts
    D:10: 1092 daAuts
     D:2: 1080 daAuts
     D:6: 980 daAuts
     D:8: 770 daAuts
    D:11: 321 daAuts
   IceCv: 117 daAuts
